 Dungeon Crawl Stone Soup version 0.23-a0-384-g3a68796 (webtiles) character file.

111 JeffiDaFish the Sneak (level 4, -8/21 HPs)
             Began as a Spriggan Enchanter on Oct 27, 2018.
             Blown up by Ijyb (13 damage)
             ... with a wand of disintegration (15)
             ... on level 3 of the Dungeon.
             The game lasted 00:06:47 (2717 turns).

JeffiDaFish the Sneak (Spriggan Enchanter)          Turns: 2717, Time: 00:06:48

Health: -8/21      AC:  4    Str:  4    XL:     4   Next: 62%
Magic:  8/10       EV: 19    Int: 17    God:
Gold:   87         SH:  0    Dex: 16    Spells: 6/9 levels left

rFire    + . .     SeeInvis +   a - +1 dagger
rCold    . . .     Gourm    .   (shield restricted)
rNeg     . . .     Faith    .   b - +1 robe
rPois    .         Spirit   .   (helmet restricted)
rElec    .         Reflect  .   i - +0 cloak
rCorr    .         Harm     .   (gloves unavailable)
MR       .....     Rnd*Rage +   (boots unavailable)
Stlth    +++.......             (no amulet)
HPRegen  0.07/turn              (no ring)
MPRegen  0.12/turn              (no ring)

@: very quick
A: very small, unfitting armour, see invisible, berserk 1, fire resistance 1,
herbivore, speed 3, slow metabolism 2, wild magic 1
a: no special abilities


You were on level 3 of the Dungeon.
You were not hungry.

You visited 1 branch of the dungeon, and saw 3 of its levels.

You collected 87 gold pieces.

Inventory:

Hand Weapons
 a - a +1 dagger (weapon)
Armour
 b - a +1 robe (worn)
 i - a +0 cloak (worn)
Scrolls
 c - 2 scrolls of magic mapping
 e - 2 scrolls of remove curse
 g - a scroll of teleportation
 h - a scroll of enchant armour
Potions
 f - a potion of berserk rage
Comestibles
 d - 3 rations


   Skills:
 + Level 0.4 Fighting
 + Level 2.2 Short Blades
 + Level 3.4 Dodging
 + Level 6.1 Stealth
 + Level 3.4 Spellcasting
 + Level 4.2 Hexes
 + Level 0.2 Ice Magic


You had 6 spell levels left.
You knew the following spells:

 Your Spells              Type           Power        Failure   Level  Hunger
a - Corona                Hex            ###....      5%          1    None
b - Ensorcelled Hibernat  Hex/Ice        ##....       14%         2    ##.....

Your spell library contained the following spells:

 Spells                   Type           Power        Failure   Level  Hunger
 Confuse                  Hex            ###.....     13%         3    ###....
 Tukima's Dance           Hex            ###.....     13%         3    ###....
 Dazzling Spray           Conj/Hex       ##....       30%         3    ###....


Dungeon Overview and Level Annotations

Branches:
Dungeon (3/15)

Altars:

Annotations:
D:3 Ijyb


Innate Abilities, Weirdness & Mutations

You are very small and have problems with some larger weapons.
You are too small for most types of armour.
You have supernaturally acute eyesight. (SInv)
You are a herbivore.
You cover ground extremely quickly.
You need to consume almost no food.
You tend to lose your temper in combat.
Your flesh is heat resistant. (rF+)
Your spells are a little harder to cast, but a little more powerful.


Message History

The bat misses you. The bat barely misses you. Ijyb closely misses you.
You closely miss Ijyb.
Ijyb is almost dead.
The bat hits you but does no damage.
Ijyb zaps a wand.
You are blasted!
Ouch! That really hurt!
You hit Ijyb but do no damage.
Ijyb is almost dead.
The bat misses you.
Ijyb zaps a wand.
You are blasted!
You barely miss Ijyb.
Ijyb is almost dead.
The bat misses you. Ijyb hits you.
* * * LOW HITPOINT WARNING * * *
You closely miss Ijyb.
Ijyb is almost dead.
The bat completely misses you.
You completely miss Ijyb.
Ijyb is almost dead.
The bat misses you.
Ijyb zaps a wand.
You are blasted!
Ouch! That really hurt!
You die...

... .. ......#
.... .. ..#....
...##. .......
#....#.......
####...........#
#......b........
#........g......
#.......@.......
#............[..
#...............
#......<.?......
#...............
#......#........
#......##.......
#...... .######
####### ..


You could see Ijyb and a bat.

Vanquished Creatures
  Crazy Yiuf (D:2)
  An iguana (D:2)
  An adder (D:2)
  A worm (D:2)
  A dart slug (D:1)
  4 orcs (D:2)
  2 ball pythons (D:2)
  A giant cockroach (D:2)
  4 goblins
  3 hobgoblins
  8 kobolds
  A quokka (D:2)
  3 bats (D:1)
  4 frilled lizards
  7 rats
42 creatures vanquished.

Notes
Turn   | Place    | Note
-------+----------+-------------------------------------------
     0 | D:1      | JeffiDaFish the Spriggan Enchanter began the quest for the
                  | Orb.
     0 | D:1      | Reached XP level 1. HP: 9/9 MP: 5/5
   495 | D:1      | Reached XP level 2. HP: 12/13 MP: 5/7
   554 | D:1      | Learned a level 2 spell: Ensorcelled Hibernation
  1420 | D:2      | Reached skill level 5 in Stealth
  1463 | D:2      | Found a faded altar of an unknown god.
  1709 | D:2      | Reached XP level 3. HP: 15/16 MP: 8/8
  2139 | D:2      | Gained mutation: Your spells are a little harder to cast,
                  | but a little more powerful. [potion of mutation]
  2139 | D:2      | Gained mutation: You tend to lose your temper in combat.
                  | [potion of mutation]
  2139 | D:2      | Gained mutation: Your flesh is heat resistant. (rF+)
                  | [potion of mutation]
  2580 | D:2      | Reached XP level 4. HP: 21/21 MP: 9/9
  2662 | D:2      | Found a runed door.
  2666 | D:2      | Noticed Crazy Yiuf
  2670 | D:2      | Killed Crazy Yiuf
  2670 | D:2      | Reached skill level 6 in Stealth
  2702 | D:3      | Noticed Ijyb
  2717 | D:3      | Blown up by Ijyb

Vault maps used:
D:1:      nzn_arrival_water_spiral, roderic_roman_lattice,
          kennysheep_crisscross, minmay_tromino_v2
D:2:      chequers_ecumenical_altar_simple_redux, minmay_shallow_snake_nest,
          uniq_crazy_yiuf_cottage
D:3:      gammafunk_temple_overflow_pools, first_ration, uniq_ijyb

Skill      XL: |  1  2  3  4 |
---------------+-------------+-----
Spellcasting   | 3 |  3.4
Hexes          | 4 |  4.2
Stealth        | 5 6 |  6.1
Short Blades   | 2 |  2.2
Fighting       | |  0.4
Dodging        | |  3.4
Ice Magic      | |  0.2

Action                   |  1- 3 |  4- 6 || total
-------------------------+-------+-------++-------
Melee: Dagger            |   137 |    12 ||   149
 Cast: Corona            |    13 |     1 ||    14
       Ensorcelled Hiber |    11 |     2 ||    13
  Use: Scroll            |     5 |       ||     5
       Potion            |     4 |       ||     4
 Stab: Sleeping          |    19 |     3 ||    22
Armor: Robe              |    10 |     4 ||    14
Dodge: Dodged            |   109 |    12 ||   121

Table legend:
 A = Non-vault XP
 B = Vault XP
 C = Vault XP percentage of total XP
 D = Non-vault monster count
 E = Vault monster count
 F = Vault count percentage of total count
                 A         B        C        D         E       F
            +---------+---------+-------+---------+---------+-------
      Total |     101 |      58 |  36.5 |      37 |       5 |  11.9
            +---------+---------+-------+---------+---------+-------
        D:1 |      25 |       2 |   7.4 |      16 |       2 |  11.1
        D:2 |      76 |      56 |  42.4 |      21 |       3 |  12.5
            +---------+---------+-------+---------+---------+-------
